 Dungeon Crawl Stone Soup version 0.31-a0-700-gf13585253f (webtiles) character file.

Game seed: 14922990539279760777

373 qw the Shooter (level 6, -1/38 HPs)
             Began as a Gargoyle Hunter on Sept 7, 2023.
             Slain by Robin
             ... wielding a +0 trident
              (5 damage)
             ... on level 4 of the Dungeon.
             The game lasted 00:01:07 (2931 turns).

qw the Shooter (Gargoyle Hunter)                    Turns: 2931, Time: 00:01:08

Health: -1/38      AC: 13    Str: 20    XL:     6   Next: 72%
Magic:  6/6        EV: 11    Int: 10    God:
Gold:   142        SH:  0    Dex: 15    Spells: 5/5 levels left

rFire   . . .        Y - +0 shortbow (freeze)
rCold   . . .        (shield currently unavailable)
rNeg    + . .        f - +0 ring mail
rPois   inf          m - +0 helmet
rElec   +            (no cloak)
rCorr   .            (no gloves)
SInv    .            b - +2 pair of boots
Will    .....        (no amulet)
Stlth   +            l - +6 ring of strength
HPRegen 0.26/turn    (no ring)
MPRegen 0.10/turn

%: no passive effects
@: no status effects
A: sickness immunity, AC +4, negative energy resistance 1, electricity
resistance, torment resistance 1, petrification resistance
a: no special abilities


You were on level 4 of the Dungeon.
You visited 1 branch of the dungeon, and saw 4 of its levels.

You collected 142 gold pieces.


Innate Abilities, Weirdness & Mutations

You are immune to sickness and miasma.
Your stone body is resilient. (AC +4)
You are immune to poison.
You resist negative energy. (rN+)
You are resistant to electric shocks. (rElec)
You are resistant to unholy torment.
You are immune to petrification.


   Skills:
 - Level 4.0 Fighting
 - Level 7.0 Ranged Weapons
 + Level 1.4 Armour
 - Level 1.5 Dodging
 - Level 1.1 Stealth


You had 5 spell levels left.
You didn't know any spells.
Your spell library was empty.

Inventory:

Hand Weapons
 Y - a +0 shortbow of freezing (weapon)
Armour
 b - a +2 pair of boots (worn)
 f - a +0 ring mail (worn)
 m - a +0 helmet (worn)
Jewellery
 l - a +6 ring of strength (left hand)
Scrolls
 e - 2 scrolls of identify
Potions
 c - a potion of heal wounds {unknown}
 d - a potion of cancellation {unknown}
 g - a potion of berserk rage {unknown}
 i - a potion of enlightenment {unknown}
 j - a potion of mutation {unknown}
 k - a potion of curing {unknown}
 n - a potion of ambrosia {unknown}

Dungeon Overview and Level Annotations

Branches:
Dungeon (4/15)
 Temple: D:4-7

Altars:

Shops:
D:1 [*[!?

Annotations:
D:3 1 runed translucent door, Crazy Yiuf
D:4 Robin


Message History

The goblin barely misses you. x2; The hobgoblin barely misses you.
You shoot an arrow. The arrow hits the hobgoblin!
The arrow freezes the hobgoblin.
You kill the hobgoblin!
The goblin closely misses you. The goblin hits you but does no damage.
Robin hits you but does no damage. The goblin hits you but does no damage.
You shoot an arrow. The arrow barely misses the goblin.
The goblin hits you with a +2 dagger of speed.
The goblin barely misses you.
Robin hits you from afar with a +0 trident.
The goblin barely misses you.
You shoot an arrow. The arrow closely misses the goblin.
Robin hits you but does no damage.
The goblin hits you but does no damage. x2
You shoot an arrow. The arrow hits the goblin!
The arrow freezes the goblin.
You kill the goblin!
Robin says, "My goblins will feast on your bones."
Robin barely misses you. The goblin barely misses you.
You shoot an arrow. The arrow hits the goblin.
The arrow freezes the goblin.
The goblin is heavily wounded.
Robin roars a battlecry!
The goblin goes into a battle-frenzy!
The goblin barely misses you.
You shoot an arrow. The arrow completely misses the goblin.
Robin barely misses you. The goblin hits you but does no damage.
Robin laughs in a distinctly smug fashion.
Robin hits you but does no damage. The goblin hits you with a +0 dagger.
You shoot an arrow. The arrow barely misses the goblin.
Robin hits you but does no damage. The goblin hits you but does no damage.
You shoot an arrow. The arrow closely misses the goblin.
Robin hits you but does no damage. The goblin hits you but does no damage.
You shoot an arrow.
The arrow hits the goblin but does no damage.
The goblin is heavily wounded.
Robin hits you from afar with a +0 trident!
The goblin closely misses you.
You shoot an arrow. The arrow hits the goblin!
The arrow freezes the goblin.
You kill the goblin!
Robin hits you from afar with a +0 trident.
You die...
Robin calls out, "Let's celebrate!
Time for a feast!"

#####################).
#....>!..)....)@)..)!..
#.###.#######>)))g.....
#.# #.# +.....##.## #.#
#.# #.....#
#.###.#####.#.....#
#....)......####....
#####.####### ..... #.#
##### #.##


You could see Robin.

Vanquished Creatures
  Duvessa (D:4)
  Blork the orc (D:4)
  Dowan (D:4)
  A hound (D:4)
  Ijyb (D:3)
  An adder (D:3)
  3 orcs (D:4)
  6 bats
  10 endoplasms
  A giant cockroach (D:3)
  16 goblins
  12 hobgoblins
  4 jackals
  8 kobolds
  A quokka (D:3)
  6 ball pythons
  9 rats
82 creatures vanquished.

Notes
Turn   | Place    | Note
-------+----------+-------------------------------------------
     0 | D:1      | qw the Gargoyle Hunter began the quest for the Orb.
     0 | D:1      | Reached XP level 1. HP: 12/12 MP: 1/1
     0 | D:1      | 0 ||| qw: Version: 0.3-a-76-g4403597
     0 | D:1      | 0 ||| qw: Game counter: 675
     0 | D:1      | 0 ||| qw: Melee chars always use a shield: true
     0 | D:1      | 0 ||| qw: God list: Okawaru
     0 | D:1      | 0 ||| qw: Allow faded altars: false
     0 | D:1      | 0 ||| qw: Do Orc after clearing Dungeon:15 true
     0 | D:1      | 0 ||| qw: Do second Lair branch before Depths: true
     0 | D:1      | 0 ||| qw: Lair rune preference: random
     0 | D:1      | 0 ||| qw: Goals: Normal
     0 | D:1      | 0 ||| PLANNING D:1-11
    10 | D:1      | Found Ibofusump's Magic Scroll Emporium.
    24 | D:1      | 24 ||| SHOPLISTING scroll of enchant armour (90 gold, have
                  | 0).
    24 | D:1      | 24 ||| SHOPLISTING scroll of identify (24 gold, have 0).
    24 | D:1      | 24 ||| SHOPLISTING scroll of teleportation (36 gold, have
                  | 0).
    42 | D:1      | HP: 2/12 [endoplasm (2)]
   114 | D:1      | Found a faded altar of an unknown god.
   117 | D:1      | Found Lecsuxos's Distillery.
   131 | D:1      | Reached XP level 2. HP: 14/17 MP: 2/2
   148 | D:1      | 148 ||| SHOPLISTING 2 potions of curing (84 gold, have 0).
   148 | D:1      | 148 ||| SHOPLISTING potion of haste (140 gold, have 0).
   148 | D:1      | 148 ||| SHOPLISTING potion of heal wounds (70 gold, have
                  | 0).
   347 | D:1      | Found Kydghuen's Assorted Antiques.
   355 | D:1      | 355 ||| SHOPLISTING runed robe (85 gold, have 18).
   355 | D:1      | 355 ||| SHOPLISTING scroll labelled MUIRPH ROYKK (23 gold,
                  | have 18).
   355 | D:1      | 355 ||| SHOPLISTING viscous emerald potion (20 gold, have
                  | 18).
   355 | D:1      | 355 ||| SHOPLISTING viscous silvery potion (20 gold, have
                  | 18).
   516 | D:1      | Found Uditez's Antique Armour Shoppe.
   519 | D:1      | 519 ||| SHOPLISTING cloak (90 gold, have 34).
   519 | D:1      | 519 ||| SHOPLISTING faintly humming ring mail (180 gold,
                  | have 34).
   519 | D:1      | 519 ||| SHOPLISTING glowing steam dragon scales (860 gold,
                  | have 34).
   519 | D:1      | 519 ||| SHOPLISTING helmet (90 gold, have 34).
   519 | D:1      | 519 ||| SHOPLISTING ring mail (80 gold, have 34).
   642 | D:1      | Reached XP level 3. HP: 21/21 MP: 3/3
   656 | D:1      | Found Etzur's Armour Shop.
   664 | D:1      | 664 ||| SHOPLISTING +0 helmet (54 gold, have 39).
   664 | D:1      | 664 ||| SHOPLISTING +1 robe of willpower (152 gold, have
                  | 39).
   867 | D:1      | 867 ||| UPGRADING to +0 ring mail.
   877 | D:1      | 877 ||| DROPPING +0 leather armour.
   878 | D:1      | 878 ||| DROPPING ring of magical power.
   879 | D:1      | 879 ||| READING scroll labelled MUIRPH ROYKK.
   880 | D:1      | 880 ||| DROPPING scroll of butterflies.
  1202 | D:2      | Reached skill level 1 in Armour
  1250 | D:2      | Reached skill level 5 in Ranged Weapons
  1566 | D:2      | 1566 ||| UPGRADING to +0 helmet.
  1571 | D:2      | 1571 ||| UPGRADING to +6 ring of strength.
  1572 | D:2      | 1572 ||| READING scroll labelled JYL VUITOYCUA.
  1573 | D:2      | 1573 ||| READING scroll labelled DYMORUIVE.
  1574 | D:2      | 1574 ||| READING scroll labelled TAK IH ETUPATA.
  1575 | D:2      | 1575 ||| READING scroll labelled GIELEO YM OKLY.
  2133 | D:3      | Noticed Ijyb
  2135 | D:3      | Reached skill level 3 in Fighting
  2135 | D:3      | Reached XP level 4. HP: 28/28 MP: 4/4
  2177 | D:3      | Killed Ijyb
  2272 | D:3      | You fall into a shaft and drop 1 floor!
  2331 | D:4      | 2331 ||| UPGRADING to +2 pair of boots.
  2336 | D:4      | 2336 ||| READING 2 scrolls of identify.
  2336 | D:4      | 2336 ||| IDENTIFYING bubbling blue potion
  2337 | D:4      | 2337 ||| DROPPING potion of brilliance.
  2374 | D:3      | Found a runed translucent door.
  2375 | D:3      | Noticed Crazy Yiuf
  2629 | D:4      | Noticed Duvessa
  2630 | D:4      | 2630 ||| RETREATING.
  2632 | D:4      | Noticed Dowan
  2639 | D:4      | 2639 ||| Stepping ~*~*~tactically~*~*~ (retreating).
  2653 | D:4      | Killed Duvessa
  2654 | D:4      | Reached skill level 6 in Ranged Weapons
  2654 | D:4      | Reached XP level 5. HP: 20/32 MP: 5/5
  2665 | D:4      | Killed Dowan
  2666 | D:4      | Reached XP level 6. HP: 23/38 MP: 6/6
  2846 | D:4      | Noticed Blork the orc
  2862 | D:4      | Killed Blork the orc
  2863 | D:4      | Reached skill level 7 in Ranged Weapons
  2907 | D:4      | Noticed Robin
  2930 | D:4      | HP: 4/38 [Robin/+0 trident (7)]
  2931 | D:4      | Slain by Robin

Levels and vault maps discovered:
D:1:      lightli_arrival_chessboard, layout_loops_corners, serial_shops, shop,
          shop, nicolae_shop_industrial_runoff, nicolae_shop_real_fake_doors,
          shop, shapermc_ecumenical_altar_venn
D:2:      layout_basic
D:3:      layout_basic, uniq_ijyb, uniq_crazy_yiuf_cottage
D:4:      layout_basic, uniq_robin, uniq_duvessa, uniq_blork_the_orc

Skill      XL: |  1  2  3  4  5  6 |
---------------+-------------------+-----
Armour         | 1 |  1.4
Ranged Weapons | 5 6 7 |  7.0
Fighting       | 3 4 |  4.0
Dodging        | |  1.5
Stealth        | |  1.1

Action                     |  1- 3 |  4- 6 || total
---------------------------+-------+-------++-------
   Fire: Shortbow          |   140 |   112 ||   252
    Use: Scroll            |     5 |     1 ||     6
 Armour: Leather armour    |    17 |       ||    17
         Ring mail         |    17 |    94 ||   111
  Dodge: Dodged            |    32 |    56 ||    88

Table legend:
 A = Non-vault XP
 B = Vault XP
 C = Vault XP percentage of total XP
 D = Non-vault monster count
 E = Vault monster count
 F = Vault count percentage of total count
                 A         B        C        D         E       F
            +---------+---------+-------+---------+---------+-------
      Total |     165 |     371 |  69.2 |      66 |      16 |  19.5
            +---------+---------+-------+---------+---------+-------
        D:1 |      38 |       0 |   0.0 |      24 |       0 |   0.0
        D:2 |      24 |       0 |   0.0 |      15 |       0 |   0.0
        D:3 |      42 |      39 |  48.1 |      18 |       1 |   5.3
        D:4 |      61 |     332 |  84.5 |       9 |      15 |  62.5
            +---------+---------+-------+---------+---------+-------
